AoeStats
← zagor

Black Forest

509151835Analyzed
4v4 RM · 5d ago on Sep 25, 2026· 91m 55s· 8 players
Game mode
Random Map
Map size
Large (8 player)
Population
200
Speed
Normal
Resources
Standard
Victory
Conquest
Starting age
Dark Age
Ending age
Imperial Age
RankedLock teamsTeams togetherTeam positionsShared explorationLock speedFull tech treeHidden civsTurbo modeCheats
Victory
Defeat
🇫🇮 Britons · Finland
886
+13
🇹🇷 Franks · Türkiye
813
+16
🇹🇷 Romans · Türkiye
786
+17
🇩🇪 Teutons · Germany
782
+19
🇹🇷 Mongols · Türkiye
844
-39
🇳🇱 Goths · Netherlands
843
-17
🇹🇷 Dravidians · Türkiye
807
-16
🇹🇷 Vietnamese · Türkiye
793
-15
TIMUR
9:47 Feudal Age
10:18 Double-Bit Axe
17:05 Castle Age
15:45 Stone Mining
15:47 Gold Mining
16:35 Horse Collar
20:41 Bow Saw
22:00 Pikeman
22:42 Squires
22:27 Gambesons
22:30 Arson
23:31 Wheelbarrow
22:42 Town Watch
22:44 Loom
26:34 Scale Mail Armor
30:10 Imperial Age
27:32 Arson
27:08 Man-at-Arms
28:01 Forging
29:26 Iron Casting
29:06 Chain Mail Armor
28:42 Fletching
28:20 Long Swordsman
30:38 Chain Mail Armor
30:13 Halberdier
30:15 Two-Handed Swordsman
31:18 Hand Cart
32:06 Two-Man Saw
32:08 Conscription
32:16 Heavy Plow
32:57 Plate Mail Armor
32:39 Champion
34:16 Caravan
38:11 Blast Furnace
37:07 Bodkin Arrow
37:40 Ballistics
38:21 Chemistry
39:47 Fortified Wall
39:33 Murder Holes
39:42 Bracer
42:10 Thumb Ring
41:26 Elite Skirmisher
43:07 Wootz Steel
43:50 Imperial Skirmisher
45:39 Medical Corps
46:11 Hoardings
46:45 Elite Urumi Swordsman
68:18 Heavy Scorpion
70:55 Siege Elephant
Ultio
11:50 Feudal Age
13:14 Wheelbarrow
12:39 Horse Collar
17:56 Double-Bit Axe
21:38 Castle Age
20:20 Gold Mining
22:46 Bow Saw
24:12 Stone Mining
24:43 Heavy Plow
27:47 Hand Cart
28:56 Stone Shaft Mining
28:59 Gold Shaft Mining
30:06 Husbandry
30:20 Bloodlines
30:05 Fletching
30:16 Padded Archer Armor
30:27 Forging
30:27 Scale Barding Armor
30:27 Caravan
36:01 Imperial Age
35:09 Chain Barding Armor
34:45 Bodkin Arrow
35:05 Leather Archer Armor
35:26 Iron Casting
34:55 Scale Mail Armor
35:24 Ballistics
35:02 Murder Holes
35:21 Masonry
37:47 Chemistry
36:52 Siege Engineers
36:25 Heavy Camel Rider
36:42 Cavalier
39:05 Conscription
39:23 Drill
40:11 Bracer
40:28 Elite Steppe Lancer
42:04 Capped Ram
43:01 Siege Ram
46:20 Blast Furnace
45:36 Chain Mail Armor
46:37 Heavy Scorpion
50:43 Elite Mangudai
77:13 Nomads
84:31 Squires
yonissn26
13:16 Feudal Age
21:56 Castle Age
19:57 Horse Collar
20:07 Double-Bit Axe
23:17 Arson
23:33 Squires
44:01 Imperial Age
41:19 Town Watch
41:21 Loom
43:34 Bow Saw
43:17 Gold Mining
43:18 Stone Mining
44:08 Wheelbarrow
43:49 Scale Mail Armor
45:27 Hand Cart
46:18 Two-Man Saw
47:42 Chain Mail Armor
47:28 Padded Archer Armor
47:17 Elite Skirmisher
48:13 Imperial Skirmisher
50:23 Forging
50:03 Fletching
50:29 Leather Archer Armor
51:35 Plate Mail Armor
51:32 Ballistics
51:42 Chatras
55:43 Bodkin Arrow
56:19 Ring Archer Armor
56:25 Iron Casting
60:32 Chemistry
59:17 Arrowslits
72:56 Paper Money
72:07 Sappers
83:58 Bombard Tower
83:29 Guard Tower
83:50 Fortified Wall
88:37 Hoardings
87:23 Elite Rattan Archer
JiB'S
2:03 Loom
16:25 Feudal Age
18:43 Horse Collar
23:47 Castle Age
30:00 Forging
31:20 Scale Mail Armor
32:11 Caravan
33:30 Chain Mail Armor
35:45 Iron Casting
36:48 Heavy Plow
36:37 Double-Bit Axe
39:11 Wheelbarrow
38:50 Bow Saw
39:49 Anarchy
42:23 Imperial Age
40:23 Hand Cart
39:53 Town Watch
39:59 Town Watch
41:05 Ballistics
41:10 Padded Archer Armor
41:14 Town Patrol
42:06 Leather Archer Armor
42:06 Pikeman
42:46 Squires
44:04 Blast Furnace
43:38 Ring Archer Armor
43:21 Masonry
43:07 Murder Holes
44:14 Chemistry
43:13 Treadmill Crane
43:45 Halberdier
44:17 Elite Huskarl
44:59 Perfusion
45:26 Conscription
44:43 Sappers
46:05 Coinage
45:46 Guilds
51:19 Architecture
51:54 Chemistry
hattivatti266
yeniçeri
0:34 Loom
13:37 Feudal Age
17:57 Castle Age
15:55 Double-Bit Axe
16:51 Gold Mining
19:23 Bow Saw
23:24 Wheelbarrow
22:35 Town Watch
24:36 Hand Cart
28:25 Husbandry
29:51 Gold Shaft Mining
29:07 Stone Mining
38:00 Imperial Age
36:44 Town Patrol
37:04 Pikeman
37:44 Squires
38:29 Masonry
38:21 Scale Mail Armor
38:32 Forging
38:14 Fletching
38:25 Padded Archer Armor
38:30 Scale Barding Armor
38:43 Chivalry
38:05 Ordonnance Companies
40:12 Chemistry
38:45 Cavalier
39:48 Conscription
39:48 Halberdier
40:33 Caravan
41:14 Coinage
42:31 Hoardings
42:31 Architecture
42:23 Chain Barding Armor
42:19 Chain Mail Armor
42:41 Paladin
44:31 Iron Casting
43:53 Bodkin Arrow
44:14 Leather Archer Armor
44:22 Ballistics
44:11 Elite Throwing Axeman
46:21 Blast Furnace
45:53 Plate Mail Armor
45:58 Plate Barding Armor
45:06 Treadmill Crane
45:22 Murder Holes
45:55 Elite Skirmisher
46:47 Siege Engineers
46:55 Fortified Wall
46:35 Guard Tower
51:33 Siphons
51:40 Clinker Construction
51:15 Arrowslits
51:41 Careening
53:06 Banking
66:11 Light Cavalry
72:27 Carvel Hull
72:29 Dry Dock
zagor
0:32 Loom
12:23 Feudal Age
17:43 Castle Age
16:54 Horse Collar
17:14 Stone Mining
17:15 Gold Mining
17:14 Double-Bit Axe
18:09 Wheelbarrow
19:16 Gold Shaft Mining
19:00 Heavy Plow
19:51 Bow Saw
20:48 Hand Cart
33:40 Imperial Age
34:57 Ballistics
34:43 Scale Mail Armor
34:44 Padded Archer Armor
37:16 Chemistry
36:41 Leather Archer Armor
36:42 Chain Mail Armor
36:55 Fletching
37:16 Forging
37:21 Masonry
37:24 Ballistas
37:40 Conscription
37:13 Man-at-Arms
37:55 Squires
37:16 Pikeman
39:42 Architecture
39:08 Murder Holes
39:25 Fortified Wall
39:51 Ring Archer Armor
38:57 Long Swordsman
40:24 Bodkin Arrow
41:05 Iron Casting
41:32 Siege Engineers
42:42 Crop Rotation
42:28 Caravan
42:09 Legionary
43:35 Heavy Scorpion
43:48 Sappers
44:59 Halberdier
51:56 Capped Ram
57:34 Siege Ram
jbwermers
1:21 Loom
13:46 Feudal Age
14:14 Double-Bit Axe
14:11 Horse Collar
15:11 Wheelbarrow
15:18 Gold Mining
15:19 Stone Mining
21:18 Castle Age
21:51 Arson
21:27 Man-at-Arms
22:17 Pikeman
23:29 Bow Saw
24:06 Squires
23:52 Gambesons
25:15 Stone Shaft Mining
27:14 Heavy Plow
28:15 Elite Skirmisher
31:04 Hand Cart
31:06 Bloodlines
31:49 Caravan
32:59 Forging
32:50 Scale Mail Armor
32:58 Scale Barding Armor
32:53 Padded Archer Armor
32:44 Fletching
33:38 Fortified Wall
34:20 Heated Shot
34:50 Ballistics
37:52 Imperial Age
37:29 Iron Casting
37:10 Chain Mail Armor
37:15 Chain Barding Armor
37:12 Masonry
37:58 Onager
39:44 Chemistry
40:08 Two-Man Saw
39:43 Crop Rotation
38:52 Halberdier
40:00 Conscription
41:12 Coinage
40:52 Guilds
41:16 Siege Onager
43:16 Blast Furnace
42:47 Plate Mail Armor
43:25 Banking
47:08 Elite Teutonic Knight
47:47 Cavalier
51:50 Leather Archer Armor
51:31 Bodkin Arrow
52:12 Plate Barding Armor
63:52 Long Swordsman
64:03 Long Swordsman
65:21 Ring Archer Armor
65:57 Capped Ram
66:05 Two-Handed Swordsman
66:46 Champion
73:03 Paladin
Connection lost

Rejoining the realm…

Still unreachable

The connection could not be restored.

Session expired

The server has moved on; the page needs a fresh start.